 Dungeon Crawl Stone Soup version 0.30-a0-174-gbc10bd73c2 (webtiles) character file.

Game seed: 1071260430343060228

253 qw the Chopper (level 6, -5/38 HPs)
             Began as a Gargoyle Fighter on Oct 1, 2022.
             Slain by an orc warrior
             ... wielding a +0 flail
              (7 damage)
             ... on level 4 of the Dungeon.
             The game lasted 00:01:05 (2612 turns).

qw the Chopper (Gargoyle Fighter)                   Turns: 2612, Time: 00:01:06

Health: -5/38      AC: 14    Str: 20    XL:     6   Next: 14%
Magic:  6/6        EV:  7    Int:  8    God:
Gold:   108        SH:  4    Dex: 13    Spells: 5/5 levels left

rFire   . . .      SeeInvis .    Y - +1 war axe
rCold   . . .      Faith    .    c - +0 buckler
rNeg    + . .      Spirit   .    l - +0 chain mail
rPois   inf        Reflect  .    a - +0 helmet
rElec   +          Harm     .    (no cloak)
rCorr   .          Rampage  .    (no gloves)
Will    .....                    (no boots)
Stlth   ..........               (no amulet)
HPRegen 0.26/turn                (no ring)
MPRegen 0.10/turn                (no ring)

@: no status effects
A: sickness immunity, AC +4, negative energy resistance 1, electricity
resistance, torment resistance 1, petrification resistance, agile 1, sense
surroundings 1
a: no special abilities


You were on level 4 of the Dungeon.
You visited 1 branch of the dungeon, and saw 4 of its levels.

You collected 108 gold pieces.


Innate Abilities, Weirdness & Mutations

You are immune to sickness and miasma.
Your stone body is resilient. (AC +4)
You are immune to poison.
You resist negative energy. (rN+)
You are resistant to electric shocks. (rElec)
You are resistant to unholy torment.
You are immune to petrification.
You are agile. (Dex +4, Str/Int -1)
You passively map a small area around you.


   Skills:
 - Level 4.0 Fighting
 + Level 5.1 Axes
 - Level 3.2 Armour
 - Level 1.0 Dodging
 - Level 3.2 Shields


You had 5 spell levels left.
You didn't know any spells.
Your spell library was empty.

Inventory:

Hand Weapons
 m - a +0 whip
 Y - a +1 war axe (weapon)
Missiles
 p - 3 boomerangs (quivered)
Armour
 a - a +0 helmet (worn)
 c - a +0 buckler (worn)
 l - a +0 chain mail (worn)
Jewellery
 i - a ring of fire
Scrolls
 h - 2 scrolls of identify
Potions
 d - a potion of might
 f - a potion of lignification
 g - a potion of mutation
 j - a potion of cancellation
 k - 4 potions of curing
 n - a potion of haste {unknown}

Dungeon Overview and Level Annotations

Branches:
Dungeon (4/15)
 Temple: D:4-7

Altars:
Trog
Vehumet

Annotations:
D:3 2 runed translucent doors


Message History

You hit the orc warrior but do no damage.
The orc warrior is heavily wounded.
You hit the orc. The orc hits you but does no damage.
The orc warrior hits you with a +0 flail!
You hit the orc but do no damage.
The orc is almost dead.
You hit the orc warrior but do no damage.
The orc hits you but does no damage. The orc warrior completely misses you.
You slash the orc!
You kill the orc!
You barely miss the orc warrior.
The orc warrior hits you with a +0 flail.
The orc warrior hits you but does no damage.
You closely miss the orc warrior.
The orc warrior is heavily wounded.
The orc warrior closely misses you.
You closely miss the orc warrior.
The orc warrior is heavily wounded.
The orc warrior hits you with a +0 flail!
You barely miss the orc warrior.
The orc warrior is heavily wounded.
You block the orc warrior's attack.
You slash the orc warrior!
The orc warrior is severely wounded.
The orc warrior barely misses you.
The orc warrior hits you with a +0 flail.
You hit the orc warrior but do no damage.
The orc warrior is severely wounded.
You block the orc warrior's attack.
You closely miss the orc warrior.
The orc warrior is severely wounded.
The orc warrior hits you with a +0 flail!
2611 ||| DRINKING potion of heal wounds.
You feel much better.
The orc warrior hits you with a +0 flail!
You hit the orc warrior but do no damage.
The orc warrior is severely wounded.
The orc warrior hits you with a +0 flail! x2
You die... , ##..#....#..#, , , * ##%#....#..# ,, , ##..#....#### , o.. #...#....# * +* #oo

#...#....# , , + ,
#..., #...#....# , ,
#.o..* #...#....# ,
#....########....# *
.......)@........#
,.......o)........#,
, .................#
,.................#
, ,
.................#,,
.................#
.................#,
####....####....##,
** * ,
,#....#.[#....# ,, *


You could see an orc warrior.

Vanquished Creatures
  Terence (D:2)
  Natasha (thrice) (D:2)
  Robin (D:2)
  3 adders
  3 worms (D:2)
  2 orcs (D:4)
  6 endoplasms
  5 giant cockroaches
  13 hobgoblins
  11 jackals
  10 kobolds
  6 quokkas
  5 ball pythons
  4 bats
  5 frilled lizards
  11 goblins
  4 rats (D:1)
93 creatures vanquished.

Vanquished Creatures (others)
  4 plants (D:3)
4 creatures vanquished.

Grand Total: 97 creatures vanquished

Notes
Turn   | Place    | Note
-------+----------+-------------------------------------------
     0 | D:1      | qw the Gargoyle Fighter began the quest for the Orb.
     0 | D:1      | Reached XP level 1. HP: 14/14 MP: 1/1
     0 | D:1      | 0 ||| qw: Version: 0.2-a-13-gfc7b4b4
     0 | D:1      | 0 ||| qw: Game counter: 1902
     0 | D:1      | 0 ||| qw: Always use a shield: true
     0 | D:1      | 0 ||| qw: God list: Okawaru
     0 | D:1      | 0 ||| qw: Allow faded altars: false
     0 | D:1      | 0 ||| qw: Do Orc after D:15 true
     0 | D:1      | 0 ||| qw: Do second Lair branch before Depths: true
     0 | D:1      | 0 ||| qw: Lair rune preference: random
     0 | D:1      | 0 ||| qw: Plans: Normal, Zot:1-4, God:TSO, Crypt, Tomb,
                  | Pan, Slime:5, Hells, Abyss, Orb
     0 | D:1      | 0 ||| PLANNING D:1-11
    13 | D:1      | 13 ||| Stepping ~*~*~tactically~*~*~ (stealth).
    20 | D:1      | Reached skill level 2 in Axes
    35 | D:1      | Reached XP level 2. HP: 18/19 MP: 2/2
   318 | D:1      | Reached skill level 3 in Axes
   574 | D:1      | Reached XP level 3. HP: 23/23 MP: 3/3
   591 | D:1      | 591 ||| Stepping ~*~*~tactically~*~*~ (stealth).
   592 | D:1      | 592 ||| Stepping ~*~*~tactically~*~*~ (stealth).
   595 | D:1      | 595 ||| Stepping ~*~*~tactically~*~*~ (stealth).
   765 | D:1      | 765 ||| Stepping ~*~*~tactically~*~*~ (stealth).
   981 | D:1      | 981 ||| UPGRADING to +0 chain mail.
   991 | D:1      | 991 ||| DROPPING +0 scale mail.
   992 | D:1      | 992 ||| READING scroll labelled ROUNEG YMIGHEN.
   993 | D:1      | 993 ||| READING scroll labelled JYOREC FAIKKU.
   994 | D:1      | 994 ||| READING 2 scrolls labelled IPHE VAETRUOBO.
   995 | D:1      | 995 ||| READING scroll labelled HUJAAFRIOJ.
   996 | D:1      | 996 ||| DRINKING 2 silvery potions.
   997 | D:1      | 997 ||| DRINKING 2 murky emerald potions.
   998 | D:1      | 998 ||| DROPPING potion of degeneration.
  1013 | D:2      | Noticed Natasha
  1016 | D:2      | Noticed Robin
  1020 | D:2      | Killed Natasha
  1021 | D:2      | Reached XP level 4. HP: 23/28 MP: 4/4
  1023 | D:2      | Reached skill level 4 in Axes
  1031 | D:2      | Killed Robin
  1147 | D:2      | Noticed Terence
  1154 | D:2      | Killed Terence
  1155 | D:2      | Reached XP level 5. HP: 27/32 MP: 5/5
  1207 | D:2      | 1207 ||| Stepping ~*~*~tactically~*~*~ (stealth).
  1209 | D:2      | 1209 ||| Stepping ~*~*~tactically~*~*~ (stealth).
  1211 | D:2      | 1211 ||| Stepping ~*~*~tactically~*~*~ (stealth).
  1220 | D:2      | 1220 ||| Stepping ~*~*~tactically~*~*~ (stealth).
  1296 | D:2      | Noticed Natasha
  1303 | D:2      | Killed Natasha
  1304 | D:2      | Reached skill level 5 in Axes
  1320 | D:2      | Noticed Natasha
  1332 | D:2      | Killed Natasha
  1467 | D:2      | 1467 ||| Stepping ~*~*~tactically~*~*~ (stealth).
  1579 | D:2      | Identified the +5 sling of Suicidal Tendencies {flame, MP+9
                  | Str+4}
  1722 | D:2      | 1722 ||| UPGRADING to +0 helmet.
  1727 | D:2      | 1727 ||| READING scroll labelled ATAIME GIDGHO.
  1728 | D:2      | 1728 ||| READING scroll labelled CISKAD JEUTU.
  1729 | D:2      | 1729 ||| READING scroll labelled XULITT IVEAMN.
  1730 | D:2      | 1730 ||| DRINKING 2 cyan potions.
  1731 | D:2      | 1731 ||| DRINKING 2 red potions.
  1731 | D:2      | Gained mutation: You passively map a small area around you.
                  | [potion of mutation]
  1731 | D:2      | Gained mutation: You are agile. (Dex +4, Str/Int -1)
                  | [potion of mutation]
  1732 | D:2      | 1732 ||| READING 2 scrolls of identify.
  1732 | D:2      | 1732 ||| IDENTIFYING brown potion
  1790 | D:3      | Found a radiant altar of Vehumet.
  1817 | D:3      | 1817 ||| Stepping ~*~*~tactically~*~*~ (stealth).
  1839 | D:3      | 1839 ||| Stepping ~*~*~tactically~*~*~ (stealth).
  1991 | D:3      | Reached XP level 6. HP: 38/38 MP: 6/6
  2049 | D:3      | Found a large runed translucent door.
  2050 | D:3      | Found a large runed translucent door.
  2202 | D:3      | Found a bloodstained altar of Trog.
  2371 | D:3      | 2371 ||| DROPPING ring of magical power.
  2372 | D:3      | 2372 ||| READING 2 scrolls of identify.
  2372 | D:3      | 2372 ||| IDENTIFYING bubbling brown potion
  2397 | D:4      | Reached skill level 1 in Dodging
  2590 | D:4      | Noticed an orc warrior
  2591 | D:4      | 2591 ||| Stepping ~*~*~tactically~*~*~ (stealth).
  2592 | D:4      | 2592 ||| Stepping ~*~*~tactically~*~*~ (stealth).
  2594 | D:4      | 2594 ||| Stepping ~*~*~tactically~*~*~ (stealth).
  2610 | D:4      | HP: 3/38 [orc warrior/+0 flail (9)]
  2611 | D:4      | 2611 ||| DRINKING potion of heal wounds.
  2612 | D:4      | Slain by an orc warrior

Levels and vault maps discovered:
D:1:      minmay_arrival_open_corners, layout_basic, minmay_misc_feat_room
D:2:      layout_rooms, minmay_indecisive_spiral, uniq_robin, uniq_natasha,
          uniq_terence
D:3:      layout_basic, mainiacjoe_overflow_brackets, fiery_altar_vehumet,
          jmf_multi_god_temple2, minivault_24, serial_bayou_lake_a
D:4:      layout_gridville, minmay_temple_entry_stoned_glass, uniq_duvessa

Skill      XL: |  1  2  3  4  5  6 |
---------------+-------------------+-----
Axes           | 2 3 4 5 |  5.1
Dodging        | 1 |  1.0
Fighting       | 4 |  4.0
Armour         | |  3.2
Shields        | |  3.2

Action                   |  1- 3 |  4- 6 || total
-------------------------+-------+-------++-------
Melee: War axe           |    85 |   122 ||   207
       Unarmed           |       |    11 ||    11
Throw: Boomerang         |       |    33 ||    33
  Use: Scroll            |     4 |     5 ||     9
       Potion            |     2 |     3 ||     5
Armor: Scale mail        |    45 |       ||    45
       Chain mail        |    15 |    80 ||    95
       Skin              |       |     1 ||     1
Dodge: Dodged            |    38 |    66 ||   104
Block: Buckler           |    18 |    25 ||    43

Table legend:
 A = Non-vault XP
 B = Vault XP
 C = Vault XP percentage of total XP
 D = Non-vault monster count
 E = Vault monster count
 F = Vault count percentage of total count
                 A         B        C        D         E       F
            +---------+---------+-------+---------+---------+-------
      Total |     242 |     120 |  33.1 |      74 |      19 |  20.4
            +---------+---------+-------+---------+---------+-------
        D:1 |      51 |       0 |   0.0 |      31 |       0 |   0.0
        D:2 |     135 |     120 |  47.1 |      26 |      19 |  42.2
        D:3 |      33 |       0 |   0.0 |      12 |       0 |   0.0
        D:4 |      23 |       0 |   0.0 |       5 |       0 |   0.0
            +---------+---------+-------+---------+---------+-------
